 Dungeon Crawl Stone Soup version 0.26.0-16-gc1dbca0489 (webtiles) character file.

Game seed: 12497513424462118160

144 thiole the Sneak (level 5, -4/34 HPs)
             Began as an Octopode Hedge Wizard on Jan 19, 2021.
             Slain by Duvessa
             ... wielding a +0 short sword
              (6 damage)
             ... on level 5 of the Dungeon.
             The game lasted 00:04:31 (2654 turns).

thiole the Sneak (Octopode Hedge Wizard)            Turns: 2654, Time: 00:04:31

Health: -4/34      AC:  4    Str:  9    XL:     5   Next: 27%
Magic:  8/10       EV: 13    Int: 17    God:
Gold:   59         SH:  0    Dex: 12    Spells: 5/11 levels left

rFire    . . .     SeeInvis .   a - +0 dagger
rCold    . . .     Faith    .   (no shield)
rNeg     . . .     Spirit   .   b - +0 hat
rPois    .         Reflect  .   (no amulet)
rElec    .         Harm     .   (no ring)
rCorr    .         Rampage  .   (no ring)
Will     .....     Clarity  +   (no ring)
Stlth    ++++......             (no ring)
HPRegen  0.11/turn              (no ring)
MPRegen  0.12/turn              (no ring)
                                (no ring)
                                (no ring)

@: mighty, flying, hasted, very quick
A: almost no armour, stealthy swim, amphibious, 8 rings, constrict 8, iridescent
scales 1, camouflage 1, clarity, shaggy fur 1, gelatinous body 1
a: no special abilities


You were on level 5 of the Dungeon.
You visited 1 branch of the dungeon, and saw 5 of its levels.

You collected 59 gold pieces.

Inventory:

Hand Weapons
 a - a +0 dagger (weapon)
Armour
 b - a +0 hat (worn)
Wands
 i - a wand of iceblast (12)
 k - a wand of digging (6)
 m - a wand of polymorph (7)
Scrolls
 c - a scroll of amnesia
 d - a scroll of identify
 f - a scroll of teleportation
 g - 2 scrolls of remove curse {unknown}
 l - 2 scrolls of noise {unknown}
 o - a scroll of fog {unknown}
 p - a scroll of magic mapping {unknown}


   Skills:
 + Level 2.1 Fighting
 - Level 2.0 Dodging
 + Level 4.4 Stealth
 + Level 3.6 Spellcasting
 - Level 2.0 Conjurations
 - Level 2.0 Summonings
 - Level 1.0 Translocations


You had 5 spell levels left.
You knew the following spells:

 Your Spells              Type           Power        Failure   Level
a - Magic Dart            Conj           36%          8%          1
b - Call Imp              Summ           9%           11%         2
c - Mephitic Cloud        Conj/Pois/Air  5%           36%         3

Your spell library contained the following spells:

 Spells                   Type           Power        Failure   Level
 Blink                    Tloc           N/A          16%         2
 Slow                     Hex            3%           26%         2
 Conjure Flame            Conj/Fire      6%           32%         3


Dungeon Overview and Level Annotations

Branches:
Dungeon (5/15)
 Temple: D:4-7

Altars:
Vehumet

Annotations:
D:5 Duvessa


Innate Abilities, Weirdness & Mutations

You cannot wear most types of armour.
You are very stealthy in the water. (Stealth+)
You are amphibious.
You can wear up to eight rings at the same time.
You can use your tentacles to constrict eight enemies at once.
Your skin changes colour to match your surroundings (Stealth+).
Your rubbery body absorbs attacks. (AC +1, EV +1)
You are partially covered in iridescent scales. (AC +2)
You possess an exceptional clarity of mind.
You are covered in fur. (AC +1)


Message History

You barely miss the adder.
The adder is heavily wounded.
You constrict the adder. You puncture the adder!
You kill the adder!
You barely miss Duvessa. You grab Duvessa. You constrict Duvessa.
Duvessa closely misses you.
You hit Duvessa. You squeeze Duvessa.
Duvessa is lightly wounded.
You constrict Duvessa. Duvessa hits you with a +0 short sword!
* * * LOW HITPOINT WARNING * * *
You hit Duvessa.
Duvessa is lightly wounded.
You constrict Duvessa, but do no damage.
Duvessa misses you. Duvessa barely misses you.
You puncture Duvessa! You squeeze Duvessa!
Duvessa is heavily wounded.
You constrict Duvessa, but do no damage.
Duvessa hits you with a +0 short sword.
You die...

#(# #.#
#?# #.#
#.# #.#
#)# #@#
#e# #.#
#.# #.#
#.# # #.#
.+ ..
#.##.#....
#.........


You could see Duvessa (berserk).

Vanquished Creatures
  Dowan (D:5)
  4 adders
  A worm (D:3)
  4 dart slugs
  2 leopard geckos
  2 giant cockroaches
  6 goblins
  7 hobgoblins
  2 jackals (D:4)
  2 quokkas
  2 bats
  5 frilled lizards
  5 kobolds
  9 rats
52 creatures vanquished.

Notes
Turn   | Place    | Note
-------+----------+-------------------------------------------
     0 | D:1      | thiole the Octopode Hedge Wizard began the quest for the
                  | Orb.
     0 | D:1      | Reached XP level 1. HP: 11/11 MP: 4/4
    47 | D:1      | Reached XP level 2. HP: 15/18 MP: 3/6
   105 | D:1      | Reached skill level 3 in Stealth
   660 | D:1      | Reached XP level 3. HP: 22/22 MP: 0/7
   980 | D:1      | Reached skill level 1 in Fighting
  1501 | D:2      | Learned a level 2 spell: Call Imp
  1505 | D:2      | Learned a level 3 spell: Mephitic Cloud
  1912 | D:2      | Noticed a black bear
  2058 | D:3      | Reached XP level 4. HP: 28/28 MP: 6/8
  2215 | D:3      | Found a radiant altar of Vehumet.
  2595 | D:4      | Noticed an ogre
  2612 | D:5      | Entered Level 5 of the Dungeon
  2617 | D:5      | Noticed Duvessa
  2617 | D:5      | Noticed Dowan
  2642 | D:5      | Killed Dowan
  2643 | D:5      | Reached skill level 4 in Stealth
  2643 | D:5      | Reached XP level 5. HP: 8/34 MP: 7/10
  2643 | D:5      | Gained mutation: You are covered in fur. (AC +1) [potion of
                  | mutation]
  2643 | D:5      | Gained mutation: You possess an exceptional clarity of
                  | mind. [potion of mutation]
  2643 | D:5      | Gained mutation: You are partially covered in iridescent
                  | scales. (AC +2) [potion of mutation]
  2652 | D:5      | HP: 1/34 [Duvessa/+0 short sword (12)]
  2654 | D:5      | Slain by Duvessa

Illustrated notes

Levels and vault maps discovered:
D:1:      psy_arrival_radial01, layout_basic, chequers_serial_rivers_large_b
D:2:      layout_loops_corners, chequers_temple_overflow_statue_of_worship
D:3:      layout_basic, lemuel_round_altar, gammafunk_temple_overflow_statue
D:4:      minmay_opposing_rooms, layout_basic, minmay_distorted
D:5:      layout_basic, tgw_sif, lemuel_round_altar, uniq_duvessa

Skill      XL: |  1  2  3  4 |
---------------+-------------+-----
Stealth        | 3 4 |  4.4
Fighting       | 1 2 |  2.1
Conjurations   | 2 |  2.0
Summonings     | 2 |  2.0
Dodging        | |  2.0
Spellcasting   | |  3.6
Translocations | |  1.0

Action                   |  1- 3 |  4- 6 || total
-------------------------+-------+-------++-------
Melee: Dagger            |    34 |    37 ||    71
       Constrict         |    13 |     9 ||    22
       Tentacles         |     4 |     9 ||    13
 Cast: Magic Dart        |    84 |    11 ||    95
       Call Imp          |       |     4 ||     4
  Use: Scroll            |     3 |       ||     3
       Potion            |       |     5 ||     5
Armor: Skin              |     4 |     4 ||     8
Dodge: Dodged            |    19 |    23 ||    42
